wizbiz, neutral female human Wizard -------- ---------- ####`##.......|#########-........| ------- ----- # |......|# |...<....| |.....| |...|## ##|......|# #..^......| -------- |.....| |(..|# # ----|---# ###---.------ |!)"%%*| #......| |....##################### # # |*%**%.| ###-.--.-- |...|# # # ### # |/./(@.| # ## # ##....|# # ### ### # |?..*d@-### # # # -----# # # # # # ### |%%).?.| #############################%#*#### # ### # -------- ##* # # # # # -.------# # ## ################### # # ######-......|# ### ---.-- --|----# # #-----+-|-# # |......|# # |....| |.....|### #|.......|### |......-# # |....| |.....-# #|........# |......| |....| |.....| #|.......| |..>...| |....| |....(.######--------- -------- ------ ------- wizbiz the Evoker Experience level: 2 Strength: 10 Dexterity: 12 Constitution: 17 Intelligence: 18 Wisdom: 11 Charisma: 7 Health: 0(17) Energy: 10(10) Def: 1 Gold: 80 Moves: 1422 Dungeon seed: 3VqepMrfd-SO3TW- Game ID: wizbiz_1525800225 Your Inventory: Coins $ - 80 gold pieces Amulets p - an uncursed amulet of ESP (being worn) Weapons a - a blessed +1 quarterstaff (weapon in hands) y - 6 blessed +0 darts Armor e - an uncursed +0 cloak of magic resistance (being worn) Comestibles t - 2 uncursed pancakes Scrolls j - a blessed scroll of remove curse k - an uncursed scroll of charging q - a cursed scroll of teleportation s - a cursed scroll of gold detection Spellbooks l - a blessed spellbook of force bolt m - an uncursed spellbook of magic missile w - an uncursed spellbook of protection Potions f - an uncursed potion of booze g - an uncursed potion of levitation h - an uncursed potion of see invisible o - a blessed potion of monster detection Rings c - an uncursed ring of stealth (on left hand) d - an uncursed ring of shock resistance (on right hand) x - an uncursed ring of regeneration z - an uncursed ring of hunger Wands b - a wand of light (0:15) Tools u - an uncursed oil lamp (0:1448) Spells and supernatural/magical abilities: Name Level Category Fail Memory a - force bolt 1 attack 0% 93% m - magic missile 2 attack 0% 93% p - protection 1 clerical 0% 99% W - pray for help -- divine ? -- Your skills at the end: Fighting Skills Weapon Skills quarterstaff [Basic] Spellcasting Skills attack spells [Basic] enchantment spells [Basic] Final Attributes: You were fervently aligned. You were shock resistant. You were magic-protected. You were telepathic. You were stealthy. You are dead. Vanquished creatures: a gas spore a yellow mold 4 jackals a fox 2 kobolds 2 sewer rats 5 grid bugs 3 lichens 6 newts 25 creatures vanquished. Voluntary challenges: You were an atheist. You used a wielded weapon 13 times, starting on turn 135. You read items or engraved 5 times, starting on turn 212. You never genocided any monsters. You never polymorphed an object. You never changed form. You used no wishes. You never split a pudding. You never wrote Elbereth's name. You never violated your personal moral code. Dungeon overview: The Dungeons of Doom: levels 1 to 3 Level 1 a fountain a long staircase Level 2 <- You were here a general store Level 3 a scroll shop, a fountain a long staircase History has recorded: On T:1 you entered the Dungeons of Doom to retrieve the Amulet of Yendor! On T:379 you reached level 2 of The Dungeons of Doom. On T:629 you reached level 3 of The Dungeons of Doom. On T:947 you advanced to experience level 2. Score breakdown: Gold: 80 ( 6492 points) Experience: 2 levels ( 5570 points) Exploration: 3 levels ( 5.77%) ( 5940 points) Discoveries: 11 items ( 3.82%) ( 5863 points) Valuables value: (no points given unless you survive) Artifact value: 0 ( 0 points) Variety of kills: 9 monsters ( 2.36%) ( 4610 points) Turncount: 1422 turns ( 0 points) Survival: died (score multiplied by 80%) Total score: 22780 Latest messages: You see here a steel wand (225 zorkmids). There are a few objects here. You see here a food ration (67 zorkmids). There are a few objects here. You see here a food ration (67 zorkmids). You see here 2 yellowish brown gems (3600 zorkmids). You see here a black gem (3750 zorkmids). You see here a slime mold (25 zorkmids). You see here a pear (10 zorkmids). You see here a slime mold (25 zorkmids). You see here a spherical amulet (225 zorkmids). You see here a bow (90 zorkmids). You see here a magenta potion (225 zorkmids). There are a few objects here. You see here a steel wand (225 zorkmids). You see here a scroll of charging (450 zorkmids). You see here 2 slime molds (50 zorkmids). You see here 2 food rations (134 zorkmids). There are a few objects here. The fox bites! (2x) There are a few objects here. The fox bites! (3x) You see here a scroll of light (75 zorkmids). The fox bites! (2x) You die... Sipaliwini gratefully inherits all your possessions. Final status: Goodbye wizbiz the Wizard, killed by a fox... You died in The Dungeons of Doom on dungeon level 2 with 22780 points, and 80 pieces of gold, after 1422 moves. You were level 2 with a maximum of 17 hit points when you died.